 BcadrenCrawl: Boulder Brew version 0.06-688-g08e91b2d95 (webtiles) character file.

Game seed: 3144846941709072667

1484 Leeroy the Purple Draconian Unifier (level 8, -5/148 HPs) Purple Draconian Priest. Began on Jan 31, 2023. Was an Elder of Bahamut & Tiamat. Slain by an iguana (8 damage) ... on level 3 of the Dungeon. The game lasted 00:13:31 (5517 turns).

Leeroy the Purple Draconian Unifier (DrPr)          Turns: 5517, Time: 00:13:31

Health: -5/148     AC: 11    Str: 14 (17) XL:     8 ^: 677
Magic:  13/16      EV: 11    Int: 13      God:    Bahamut & Tiamat [4* [100]]
Gold:   196        SH:  0    Dex: 15      Spells: 7/7 levels left

rFire    . . .     Slash    +     - Unarmed
rCold    . . .     Pierce   x     - Unarmed
rNeg     . . .     Bludgeon .   (armour unavailable)
rCorr    . . .     Vision   .   (helmet restricted)
rPois    .         Gourm    .   (no cloak)
rElec    +         Faith    .   g - +1 pair of gloves {rElec+}
MR       +++++     Spirit   .   o - +1 pair of boots {Stlth+}
HPRegen  0.59/turn Reflect  .   c - amulet of magic regeneration
MPRegen  0.51/turn Harm     .   b - ring of protection from magic
Stlth    ..........             t - ring of wizardry

@: berserking, short of breath, heavily drained, very quick
A: deformed body 2, magic resistance, cold-blooded, hexes enhancer 1, MR++,
draconic flesh, AC +7
a: Breathe Dispelling Energy, Choose Bahamut's Protection, Choose Tiamat's
Retribution, Adaptive Breath, Choose Bahamut's Drake Mount, Choose Tiamat's
Summon Drakes, Renounce Religion


You were on level 3 of the Dungeon.
You worshipped Bahamut & Tiamat.
Bahamut & Tiamat was greatly pleased with you.
You were not hungry.

You visited 1 branch of the dungeon, and saw 4 of its levels.
You also visited: Temple.

You collected 196 gold pieces.

Inventory:

Weapons
 e - a +0 dagger of freezing Shields
 q - a cursed +1 heater shield of protection {(Curse: rF- MR-)}
Armour
 f - a +0 pair of boots
 g - a +1 pair of gloves of insulation (worn)
 o - a +1 pair of boots of stealth (worn)
Jewellery
 b - a ring of protection from magic (left hand)
 c - an amulet of magic regeneration (around neck)
 l - a cursed amulet of the acrobat {(Curse: Str-3)}
 m - a cursed ring of strength {(Curse: *Tele)}
 p - a cursed amulet of regeneration {(Curse: MR-)}
 t - a ring of wizardry (right hand)
 w - a cursed ring of protection from magic {(Curse: *Drain)}
Scrolls
 d - 2 scrolls of bless item
 i - a scroll of vulnerability
 n - 2 scrolls of enchantment
 r - 2 scrolls of teleportation
 s - a scroll of immolation
Potions
 h - a potion of mutation
 j - a potion of haste
 k - 4 potions of curing
 v - a potion of resistance
Comestibles
 a - 10 rations
 x - 4 chunks of flesh


   Skills:
 + Level 5.3(4.0) Fighting
 - Level 1.5(0.3) Dodging
 - Level 1.4(0.2) Stealth
 - Level 2.6(1.4) Unarmed Combat
 - Level 11.0(9.5) Invocations


You had 7 spell levels left.
You didn't know any spells.
Your spell library was empty.

Dungeon Overview and Level Annotations

Branches:
Dungeon (4/8)
 Temple: D:4

Altars:
Cheibriados
Gozag Ym Sagoz
Wu Jian
Zin

Shops:
D:2 *


Innate Abilities, Weirdness & Mutations

Your rich purple scales are resilient. (AC +7)
You can breathe bolts of dispelling energy.
You cannot wear any armour on your peculiar form.
You are cold-blooded and are slowed more easily by cold attacks.
You are in touch with the powers of hexes.
Your rich purple scales protect you from hostile magic. (MR++)
Your scales resist being cut, but it's oddly easy to stick a small blade between them. (rSlashing+, rPiercing-)
You are highly resistant to hostile enchantments. (MR++)


Message History

The bone scorpion is undamaged. (19/19) HP The iguana closely misses you.
The bone scorpion barely misses you.
The bone scorpion claws you but does no damage.
The bone scorpion stings you (11)!
You are perforated ruthlessly!
* * * LOW HITPOINT WARNING * * *
You feel drained.
* * * LOW HITPOINT WARNING * * *
The bone scorpion stings you (18)!!
You are perforated ruthlessly!
* * * LOW HITPOINT WARNING * * *
You feel weakened.
You hit the bone scorpion but do no damage. x2
You tail-slap the bone scorpion, but do no damage.
The bone scorpion is undamaged. (19/19) HP You hit the bone scorpion but do no damage.
You barely miss the bone scorpion.
The bone scorpion is undamaged. (19/19) HP You hit the bone scorpion but do no damage. x2
The bone scorpion is undamaged. (19/19) HP The iguana bites you (8)!
You are perforated ruthlessly!
You die...

.#.##.####.# #.# ...##.## #.#
#.# .......###.## #.# ##
.####..##...##########.# #. .#
#..................# #. .#
#.###...############ #. .# #.#
##.## #########. .#
#.####.#############.........
)#
#..........s@l.......########
)# #.........############
#..... )# #.#####.#.# #.####
.####.# #.#.# #.# ......#
#.#.# #.#
###########.#.##############.#
............#................#
##############################


You could see a bone scorpion and an iguana.

Vanquished Creatures
  Purgy (D:2)
  An orc warrior (D:3)
  A water moccasin (D:2)
  2 big kobolds
  3 hounds (D:3)
  11 jellies
  An orc wizard (D:3)
  A gnoll shaman (D:3)
  2 iguanas (D:3)
  3 worker ants (D:3)
  A water moccasin skeleton (D:3)
  5 giant cockroaches
  3 gnolls (D:3)
  5 adders
  5 sewer rats (D:2)
  6 oozes (D:2)
  3 worms (D:2)
  17 cinder newts
  A bullfrog (D:2)
  A howler monkey skeleton (D:3)
  6 leopard geckos
  An orc (D:3)
  4 adder skeletons (D:2)
  5 bats
  2 cinder newt skeletons (D:2)
  3 hobgoblins (D:1)
  13 kobolds
  2 quokkas (D:3)
  2 ball pythons (D:2)
  5 goblins (D:1)
  A goblin skeleton (D:2)
  A hobgoblin skeleton (D:2)
  A jackal skeleton (D:3)
  A leopard gecko skeleton (D:3)
  An orc skeleton (D:2)
  A quokka skeleton (D:3)
  4 rats (D:1)
126 creatures vanquished.

Vanquished Creatures (others)
  A giant cockroach (D:2)
  A worm (D:2)
  3 ball pythons (D:2)
  A bat (D:2)
  A rat (D:2)
  A giant blowfly (D:2)
  2 slimeheads (D:2)
  69 withered plants (D:2)
79 creatures vanquished.

Grand Total: 205 creatures vanquished

Notes
Turn   | Place    | Note
-------+----------+-------------------------------------------
     0 | Start Te | Leeroy the Immature Draconian Priest began the quest for
                  | the Orb.
     0 | Start Te | Reached XP level 1. HP: 29/29 MP: 3/3
     0 | Start Te | Found a sparkling altar of Nemelex Xobeh.
     1 | Start Te | Found a basalt altar of Yredelemnul.
     1 | Start Te | Found a white marble altar of Elyvilon.
     2 | Start Te | Found an iron altar of Okawaru.
     3 | Start Te | Found a glowing silver altar of Zin.
     3 | Start Te | Found a blossoming altar of Fedhas.
     4 | Start Te | Found a stormy altar of Qazlal.
     5 | Start Te | Found a glowing golden altar of the Shining One.
     5 | Start Te | Found an opulent altar of Gozag.
     6 | Start Te | Found a sacrificial altar of Ru.
     7 | Start Te | Found an ornate altar of Bahamut and Tiamat.
     7 | Start Te | Found a hazy altar of Hepliaklqana.
    15 | Start Te | Became a worshipper of Bahamut & Tiamat
    15 | Start Te | Reached * piety under Bahamut & Tiamat
    15 | Start Te | Reached ** piety under Bahamut & Tiamat
   176 | D:1      | Reached XP level 2. HP: 34/39 MP: 5/5
   188 | D:1      | Reached skill level 5 in Invocations
   407 | D:1      | Identified a scroll of acquirement
   413 | D:1      | Reached XP level 3. HP: 49/49 MP: 6/6
   750 | D:1      | Reached XP level 4. HP: 59/59 MP: 8/8
   823 | D:1      | Reached skill level 6 in Invocations
  1130 | D:2      | Reached *** piety under Bahamut & Tiamat
  1226 | D:2      | Reached XP level 5. HP: 55/69 MP: 8/10
  1269 | D:2      | Reached skill level 7 in Invocations
  1558 | D:2      | Reached XP level 6. HP: 55/79 MP: 11/11
  1640 | D:2      | Reached skill level 8 in Invocations
  1969 | D:2      | Found a glowing silver altar of Zin.
  1971 | D:2      | Found an ornate altar of the Wu Jian Council.
  2044 | D:2      | Reached skill level 9 in Invocations
  2044 | D:2      | Your scales start taking on a rich purple colour.
  2044 | D:2      | Reached XP level 7. HP: 28/89 MP: 13/13
  2044 | D:2      | Gained mutation: Your rich purple scales protect you from
                  | hostile magic. (MR++) [Purple Draconian growth]
  2044 | D:2      | Gained mutation: You are in touch with the powers of hexes.
                  | [Purple Draconian growth]
  2614 | D:2      | Gained mutation: You are highly resistant to hostile
                  | enchantments. (MR++) [potion of mutation]
  2953 | D:2      | Reached skill level 10 in Invocations
  2956 | D:2      | Noticed Purgy
  2981 | D:2      | Killed Purgy
  3264 | D:2      | Found an opulent altar of Gozag.
  3268 | D:2      | Found Gozag's Platinum Reserve.
  3975 | D:3      | Reached XP level 8. HP: 99/99 MP: 16/16
  4028 | D:3      | Reached **** piety under Bahamut & Tiamat
  4028 | D:3      | Reached skill level 11 in Invocations
  4244 | D:3      | Reached skill level 1 in Fighting
  4293 | D:3      | Found a snail-covered altar of Cheibriados.
  5199 | D:3      | Reached skill level 5 in Fighting
  5514 | D:3      | HP: 2/148 [bone scorpion (18)]
  5517 | D:3      | Slain by an iguana

Illustrated notes

Levels and vault maps discovered:
D:1:      eino_arrival_water_cross, layout_loops_corners, first_ration,
          minmay_small_reverse_x
D:2:      layout_sewer, gammafunk_temple_overflow_pools, serial_curves,
          eino_curves_01, eino_curves_04, nicolae_gozag_zags_fifth_avenue,
          uniq_purgy
D:3:      layout_loops_ring, cheibriados_altar_1
D:4:      layout_rooms, bcadren_lemuel_inverted_doored_altar, elyvilon_altar_5,
          minmay_temple_entry_glass, uniq_gastronok, uniq_psyche, uniq_grum

Skill      XL: |  1  2  3  4  5  6  7  8 |
---------------+-------------------------+-----
Invocations    | 5 6 7 9 10 11 | 11.0
Fighting       | 5 |  5.3
Dodging        | |  1.5
Stealth        | |  1.4
Unarmed Combat | |  2.6

Action                   |  1- 3 |  4- 6 |  7- 9 || total
-------------------------+-------+-------+-------++-------
Melee: Unarmed           |    72 |   329 |   730 ||  1131
       Peck              |     4 |    24 |    56 ||    84
       Dagger            |       |       |     7 ||     7
Invok: Adaptive Breath   |       |     3 |     5 ||     8
       Choose Tiamat's A |       |     1 |       ||     1
 Abil: Breathe Dart      |       |     1 |       ||     1
  Use: Scroll            |     1 |       |     2 ||     3
       Potion            |       |       |     2 ||     2
 Stab: Sleeping          |     1 |     1 |    12 ||    14
       Distracted        |       |     1 |       ||     1
       Confused          |       |       |     4 ||     4
  Eat: Chunk             |       |     2 |    13 ||    15
       Ration            |       |     1 |       ||     1
Armor: Skin              |    10 |    49 |    89 ||   148
Dodge: Dodged            |     7 |    44 |    75 ||   126
